[Event "11th LCC Super Blitz 2019"]
[Site "London"]
[Date "2019.12.08"]
[Round "11.8"]
[White "Mohnblatt, Nicolas"]
[Black "Yeo, Klaus Lucas"]
[Result "1-0"]
[ECO "D00"]
[WhiteElo "1689"]
[BlackElo "1176"]
[Annotator "NA"]
[PlyCount "95"]
[EventDate "2019.12.08"]
[EventType "swiss"]
[EventCountry "ENG"]
[SourceTitle "playchess.com"]
[Source "ChessBase"]
[SourceQuality "1"]
[TimeControl "180+2"]

1. d4 d5 2. Nc3 c6 3. Bf4 Bf5 4. e3 e6 5. Nf3 Bd6 6. Ne5 f6 7. Nf3 Bxf4 8. exf4 Bg6 9. Nh4 Bf7 10. Qe2 Na6 11. f5 Nc7 12. g3 Qd7 13. Bh3 Kf8 14. O-O-O exf5 15. Bxf5 Be6 16. Qf3 Bxf5 17. Nxf5 Ne7 18. Ne3 Kf7 19. Ng4 h5 20. Ne5+ Ke6 21. Nxd7 Kxd7 22. Rhe1 Rae8 23. g4 hxg4 24. Qxg4+ Kd8 25. h3 g6 26. Re2 f5 27. Qg3 Na8 28. Qd6+ Kc8 29. Rxe7 Rxe7 30. Qxe7 Nc7 31. h4 Re8 32. Qf6 Re6 33. Qf8+ Re8 34. Qh6 Re6 35. Qg5 Kd7 36. Kd2 Nb5 37. Nxb5 cxb5 38. Re1 Rd6 39. Re7+ Kc6 40. Rg7 b6 41. Rxg6 Rxg6 42. Qxg6+ Kb7 43. Qxf5 Ka6 44. h5 Ka5 45. h6 a6 46. Qxd5 Ka4 47. Qb3+ Ka5 48. Qa3# 1-0

[Event "11th LCC Super Blitz 2019"]
[Site "London"]
[Date "2019.12.08"]
[Round "11.9"]
[White "Rahman, Asad"]
[Black "Davis, Holden"]
[Result "1-0"]
[ECO "C05"]
[WhiteElo "1923"]
[BlackElo "1769"]
[Annotator "NA"]
[PlyCount "43"]
[EventDate "2019.12.08"]
[EventType "swiss"]
[EventCountry "ENG"]
[SourceTitle "playchess.com"]
[Source "ChessBase"]
[SourceQuality "1"]
[TimeControl "180+2"]

1. e4 e6 2. d4 d5 3. Nd2 Nf6 4. exd5 exd5 5. Ngf3 Bd6 6. Bd3 Bg4 7. O-O O-O 8. c4 dxc4 9. Nxc4 Be7 10. Be2 c6 11. Nce5 Bxf3 12. Bxf3 Nd5 13. Re1 Bf6 14. Ng4 Bg5 15. Bxd5 Qxd5 16. Re5 Qd6 17. Rxg5 f5 18. Ne5 f4 19. Qg4 Qf6 20. Bxf4 Qxf4 21. Rxg7+ Kh8 22. Rg8+ 1-0

[Event "11th LCC Super Blitz 2019"]
[Site "London"]
[Date "2019.12.08"]
[Round "11.9"]
[White "Ismail, Mohammed Aayan"]
[Black "Patel, Rishi"]
[Result "1-0"]
[ECO "C68"]
[WhiteElo "1641"]
[BlackElo "1899"]
[Annotator "NA"]
[PlyCount "129"]
[EventDate "2019.12.08"]
[EventType "swiss"]
[EventCountry "ENG"]
[SourceTitle "playchess.com"]
[Source "ChessBase"]
[SourceQuality "1"]
[TimeControl "180+2"]

1. e4 e5 2. Nf3 Nc6 3. Bb5 a6 4. Bxc6 bxc6 5. O-O d6 6. d4 exd4 7. Qxd4 Nf6 8. e5 Nd5 9. Re1 Be7 10. exd6 Qxd6 11. Qxg7 Rf8 12. Bh6 Be6 13. Qxh7 Nf6 14. Qd3 Qxd3 15. cxd3 Rh8 16. Bg5 O-O-O 17. d4 Rhg8 18. h4 Nd5 19. Bxe7 Nxe7 20. Nc3 Ng6 21. g3 Bg4 22. Ne5 Nxe5 23. Rxe5 Rxd4 24. Rae1 Rgd8 25. Re8 Kb7 26. Rxd8 Rxd8 27. b3 Rd3 28. Ne4 Kb6 29. Nf6 Be6 30. h5 Rd8 31. h6 Rh8 32. h7 Bf5 33. Re7 Bxh7 34. Rxf7 Bb1 35. a3 Ba2 36. Rh7 Rf8 37. Nd7+ Kb5 38. Nxf8 Bxb3 39. g4 Ka4 40. g5 Kxa3 41. g6 c5 42. Rh3 c4 43. Rxb3+ cxb3 44. g7 b2 45. g8=Q b1=Q+ 46. Kh2 c5 47. Qg3+ Qb3 48. Qxb3+ Kxb3 49. Nd7 c4 50. Ne5 c3 51. f4 c2 52. Nd3 Kc3 53. Nc1 Kd4 54. Kg3 Ke4 55. Kg4 Kd5 56. f5 Kd6 57. Kg5 Ke7 58. Kg6 Kf8 59. Kf6 a5 60. Ke5 Ke8 61. Ke6 a4 62. f6 Kf8 63. f7 a3 64. Na2 c1=Q 65. Nxc1 1-0

[Event "11th LCC Super Blitz 2019"]
[Site "London"]
[Date "2019.12.08"]
[Round "11.10"]
[White "Van Zyl-Rudd, Jack"]
[Black "Saidmurodov, Shahjahon"]
[Result "1-0"]
[ECO "C66"]
[WhiteElo "2290"]
[BlackElo "1812"]
[Annotator "NA"]
[PlyCount "177"]
[EventDate "2019.12.08"]
[EventType "swiss"]
[EventCountry "ENG"]
[SourceTitle "playchess.com"]
[Source "ChessBase"]
[SourceQuality "1"]
[TimeControl "180+2"]

1. e4 e5 2. Nf3 Nc6 3. Nc3 Be7 4. Bb5 d6 5. d4 exd4 6. Nxd4 Bd7 7. O-O Nf6 8. Nxc6 bxc6 9. Bd3 O-O 10. h3 Re8 11. Bg5 h6 12. Be3 Bf8 13. Qd2 d5 14. exd5 cxd5 15. Bd4 Be6 16. Qf4 Bd6 17. Qf3 Be7 18. Rad1 c5 19. Bxf6 Bxf6 20. Bb5 Re7 21. Bc6 Rb8 22. Bxd5 Qe8 23. Bxe6 Rxe6 24. Nd5 Qc8 25. Nxf6+ Rxf6 26. Qc3 Rfb6 27. b3 Qf5 28. Qd3 Qg5 29. Rfe1 g6 30. Qd7 R8b7 31. Re8+ Kg7 32. Qc8 Qf4 33. Rg8+ Kf6 34. Qd8+ Re7 35. Re1 Rbe6 36. Rxe6+ Kxe6 37. Qd1 Kf6 38. Rd8 Re6 39. g3 Qe5 40. Rd5 Qc7 41. Qf3+ Kg7 42. Kg2 Qc6 43. Rd3 Qa6 44. a4 Qb6 45. Qd5 Qc7 46. Rc3 Re5 47. Qd3 Qc6+ 48. Qf3 Qc7 49. Qf4 Qc6+ 50. Qf3 Qc7 51. Rc4 Rf5 52. Qe4 Qd6 53. Rc3 Qd2 54. Rf3 Rd5 55. c4 Rd7 56. Qe5+ Kh7 57. Qe8 Qd4 58. Rxf7+ Rxf7 59. Qxf7+ Kh8 60. Qxg6 Qc3 61. Qxh6+ Kg8 62. Qe6+ Kh7 63. Qe4+ Kh8 64. Qe3 Qb4 65. h4 Qb7+ 66. Qf3 Qe7 67. h5 Qe5 68. g4 Qd4 69. h6 Qd6 70. g5 Qd7 71. Qf6+ Kh7 72. Qg7+ Qxg7 73. hxg7 Kxg7 74. f4 Kg6 75. Kg3 Kf5 76. Kf3 a5 77. Kg3 Kg6 78. Kg4 Kg7 79. f5 Kf7 80. Kf4 Kg7 81. Ke5 Kf7 82. g6+ Kg7 83. Ke6 Kh6 84. Kf7 Kg5 85. f6 Kh5 86. g7 Kh6 87. g8=Q Kh5 88. Qg3 Kh6 89. Qg6# 1-0

[Event "11th LCC Super Blitz 2019"]
[Site "London"]
[Date "2019.12.08"]
[Round "11.10"]
[White "Gudenas, Motiejus"]
[Black "Jackson, Julius"]
[Result "1-0"]
[ECO "C06"]
[WhiteElo "1993"]
[BlackElo "1584"]
[Annotator "NA"]
[PlyCount "112"]
[EventDate "2019.12.08"]
[EventType "swiss"]
[EventCountry "ENG"]
[SourceTitle "playchess.com"]
[Source "ChessBase"]
[SourceQuality "1"]
[TimeControl "180+2"]

1. e4 e6 2. d4 d5 3. Bd3 Nf6 4. e5 Nfd7 5. Nd2 c5 6. c3 Nc6 7. Ne2 Qb6 8. O-O cxd4 9. cxd4 Nxd4 10. Nxd4 Qxd4 11. Nf3 Qb6 12. Qa4 Be7 13. Be3 Qb4 14. Qc2 Nc5 15. a3 Qb3 16. Bxc5 Qxc2 17. Bxc2 Bxc5 18. Rac1 Bb6 19. Bd3 O-O 20. Rc2 Bd7 21. Rfc1 Rac8 22. Kf1 Rxc2 23. Rxc2 Rc8 24. Rxc8+ Bxc8 25. Bb5 Kf8 26. Ke2 Ke7 27. b3 h6 28. Nd2 Bd7 29. Bxd7 Kxd7 30. f4 g5 31. g3 Bg1 32. Nf3 Bb6 33. fxg5 hxg5 34. Nxg5 Ke7 35. g4 f6 36. Nf3 Bc7 37. exf6+ Kxf6 38. h3 e5 39. h4 e4 40. Nd4 Bb6 41. Nf5 d4 42. Nd6 d3+ 43. Kd2 Ke5 44. Nc4+ Kf6 45. Nxb6 axb6 46. Ke3 Ke5 47. b4 b5 48. g5 Kf5 49. Kd2 b6 50. Ke3 Ke5 51. h5 Kf5 52. g6 Kf6 53. Kd2 Kg7 54. Kc3 Kh6 55. Kb2 Kg7 56. Kc1 e3 1-0

[Event "11th LCC Super Blitz 2019"]
[Site "London"]
[Date "2019.12.08"]
[Round "11.10"]
[White "Sheikh, Anum"]
[Black "Rushbrooke, Remy"]
[Result "0-1"]
[ECO "C42"]
[WhiteElo "1560"]
[BlackElo "1877"]
[Annotator "NA"]
[PlyCount "49"]
[EventDate "2019.12.08"]
[EventType "swiss"]
[EventCountry "ENG"]
[SourceTitle "playchess.com"]
[Source "ChessBase"]
[SourceQuality "1"]
[TimeControl "180+2"]

1. e4 e5 2. Nf3 Nf6 3. Nxe5 d6 4. Nf3 Nxe4 5. Nc3 Nxc3 6. dxc3 Be7 7. Bd3 O-O 8. Be3 Nd7 9. h4 Ne5 10. Nxe5 dxe5 11. Qh5 f5 12. Bg5 Be6 13. O-O-O Qe8 14. Qxe8 Raxe8 15. Bxe7 Rxe7 16. Kb1 e4 17. Be2 f4 18. Rd4 Bc8 19. Bc4+ Kh8 20. Re1 Rfe8 21. Bd5 e3 22. Rxf4 g5 23. Rf7 exf2 24. Rexe7 Rxe7 25. Rf4 0-1

[Event "11th LCC Super Blitz 2019"]
[Site "London"]
[Date "2019.12.08"]
[Round "11.11"]
[White "Lovell, William Pm"]
[Black "Ball, Charlie J"]
[Result "1-0"]
[ECO "A22"]
[WhiteElo "1831"]
[BlackElo "1249"]
[Annotator "NA"]
[PlyCount "79"]
[EventDate "2019.12.08"]
[EventType "swiss"]
[EventCountry "ENG"]
[SourceTitle "playchess.com"]
[Source "ChessBase"]
[SourceQuality "1"]
[TimeControl "180+2"]

1. c4 d6 2. g3 Nf6 3. Bg2 Nbd7 4. Nc3 e5 5. e3 Be7 6. Nge2 c6 7. O-O Qc7 8. d4 h5 9. b3 h4 10. Ba3 hxg3 11. fxg3 Ng4 12. Rf3 Nxh2 13. Rf2 Ng4 14. Rf3 Bg5 15. Bc1 Nh2 16. Rf5 Be7 17. Qd3 Nf6 18. Rf2 Nhg4 19. Rf1 Nh2 20. Ba3 Nxf1 21. Rxf1 Ng4 22. dxe5 dxe5 23. Bxe7 Qxe7 24. Ne4 Nh2 25. Nd6+ Kf8 26. Rxf7+ Qxf7 27. Nxf7 Kxf7 28. Qd6 Ng4 29. Nc3 Nxe3 30. Qxe5 Ng4 31. Qf4+ Nf6 32. Ne4 Be6 33. Ng5+ Ke7 34. Qe5 Rh5 35. Qxe6+ Kd8 36. Nf7+ Kc7 37. Qd6+ Kb6 38. c5+ Ka6 39. Bf1+ Ka5 40. Qd2# 1-0

[Event "11th LCC Super Blitz 2019"]
[Site "London"]
[Date "2019.12.08"]
[Round "11.11"]
[White "Thatte, Nandinee"]
[Black "Dhemrait, Jagdeep"]
[Result "0-1"]
[ECO "E80"]
[WhiteElo "1270"]
[BlackElo "1834"]
[Annotator "NA"]
[PlyCount "60"]
[EventDate "2019.12.08"]
[EventType "swiss"]
[EventCountry "ENG"]
[SourceTitle "playchess.com"]
[Source "ChessBase"]
[SourceQuality "1"]
[TimeControl "180+2"]

1. d4 Nf6 2. c4 d6 3. Nc3 g6 4. e4 e5 5. d5 Bg7 6. f3 Nbd7 7. Be3 Qe7 8. Qd2 O-O 9. O-O-O Ne8 10. Bh6 c5 11. dxc6 bxc6 12. Bxg7 Kxg7 13. Nge2 Rb8 14. g4 Nc5 15. h4 h6 16. Ng3 Be6 17. h5 g5 18. Nf5+ Bxf5 19. gxf5 f6 20. Rg1 Kh7 21. Qg2 Qb7 22. b3 a5 23. Ne2 a4 24. Kd2 axb3 25. axb3 Qxb3 26. Rc1 Qb2+ 27. Rc2 Qb4+ 28. Kd1 Ra8 29. Rc1 Nd3 30. Rc2 Qe1# 0-1

[Event "11th LCC Super Blitz 2019"]
[Site "London"]
[Date "2019.12.08"]
[Round "11.12"]
[White "Sandhu, Manvith"]
[Black "Bergner, Matthias"]
[Result "1-0"]
[ECO "B06"]
[WhiteElo "1673"]
[BlackElo "1632"]
[Annotator "NA"]
[PlyCount "43"]
[EventDate "2019.12.08"]
[EventType "swiss"]
[EventCountry "ENG"]
[SourceTitle "playchess.com"]
[Source "ChessBase"]
[SourceQuality "1"]
[TimeControl "180+2"]

1. e4 d5 2. exd5 g6 3. Nf3 Bg7 4. d4 Nf6 5. Nc3 b6 6. Bf4 Bb7 7. Bb5+ c6 8. dxc6 Nxc6 9. Ne5 Rc8 10. d5 O-O 11. Bxc6 Bxc6 12. Nxc6 Qd7 13. O-O Nh5 14. Bd2 Rfe8 15. Re1 Rxc6 16. dxc6 Qxc6 17. Qf3 Qxf3 18. gxf3 Rd8 19. Be3 e6 20. Rad1 Rxd1 21. Rxd1 Bxc3 22. bxc3 1-0

[Event "11th LCC Super Blitz 2019"]
[Site "London"]
[Date "2019.12.08"]
[Round "11.14"]
[White "Tombolis, Christopher"]
[Black "Pham, Catherine"]
[Result "1-0"]
[ECO "E40"]
[WhiteElo "1655"]
[BlackElo "1280"]
[Annotator "NA"]
[PlyCount "87"]
[EventDate "2019.12.08"]
[EventType "swiss"]
[EventCountry "ENG"]
[SourceTitle "playchess.com"]
[Source "ChessBase"]
[SourceQuality "1"]
[TimeControl "180+2"]

1. d4 Nf6 2. c4 e6 3. Nc3 Bb4 4. e3 Bxc3+ 5. bxc3 Nc6 6. Bd3 d5 7. cxd5 Nxd5 8. c4 Nf6 9. Nf3 O-O 10. O-O b6 11. Rb1 Bb7 12. c5 Ne7 13. Ba3 Rc8 14. Qa4 Ra8 15. Ne5 h6 16. Rfc1 Qd5 17. c6 Bc8 18. Bxe7 Re8 19. Bxf6 gxf6 20. Nf3 Qd6 21. Qb5 a6 22. Qh5 Qf8 23. h3 Qg7 24. Nh2 e5 25. Bf5 Bxf5 26. Qxf5 exd4 27. Ng4 Re6 28. exd4 Qg5 29. Qxg5+ fxg5 30. Re1 Rxc6 31. d5 Rd6 32. Rbc1 Rc8 33. Rc6 Rxd5 34. Nf6+ Kg7 35. Nxd5 Rd8 36. Nxc7 a5 37. Rxb6 Rd2 38. Ra6 Rxa2 39. Re4 f6 40. Nd5 Kg6 41. Rxf6+ Kg7 42. Re7+ Kg8 43. Rd6 Kf8 44. Rd8# 1-0

[Event "11th LCC Super Blitz 2019"]
[Site "London"]
[Date "2019.12.08"]
[Round "11.14"]
[White "Patel, Zain"]
[Black "Essis, Essoh Jean Mathieu C"]
[Result "1-0"]
[ECO "C50"]
[WhiteElo "1253"]
[BlackElo "1438"]
[Annotator "NA"]
[PlyCount "57"]
[EventDate "2019.12.08"]
[EventType "swiss"]
[EventCountry "ENG"]
[SourceTitle "playchess.com"]
[Source "ChessBase"]
[SourceQuality "1"]
[TimeControl "180+2"]

1. e4 e5 2. Nf3 Nc6 3. Bc4 h6 4. O-O d6 5. Nc3 Be7 6. d4 Bg4 7. Bb5 a6 8. Ba4 Bf6 9. d5 b5 10. Nxb5 Nd4 11. Nbxd4+ Kf8 12. Nb3 Qb8 13. Bd2 Qb6 14. h3 Bh5 15. c4 a5 16. Rc1 Bg5 17. c5 dxc5 18. Rxc5 Bxf3 19. Qxf3 Bxd2 20. Rc6 Qb7 21. Nxd2 Nf6 22. Nc4 Qb4 23. b3 Qc3 24. Qxc3 Nxe4 25. Qf3 Ng5 26. Qf5 Re8 27. Rxc7 Re7 28. Rc8+ Re8 29. Rxe8# 1-0